 Dungeon Crawl Stone Soup version 0.31.0-11-ge490571c62 (webtiles) character file.

Game seed: 17688019644248518073

27 experimilk the Ruffian (level 2, 0/27 HPs)
             Began as a Troll Gladiator on Jan 31, 2024.
             Slain by Sigmund
             ... wielding a +2 scythe of flaming
              (13 damage)
             ... on level 2 of the Dungeon.
             The game lasted 00:01:10 (928 turns).

experimilk the Ruffian (Troll Gladiator)             Turns: 928, Time: 00:01:10

Health: 0/27       AC:  5    Str: 21    XL:     2   Next: 93%
Magic:  1/1        EV: 10    Int:  4    God:
Gold:   56         SH:  0    Dex: 11    Spells: 1/1 levels left

rFire   . .          .
                       - Unarmed
rCold   . . .        (no shield)
rNeg    . . .        a - +0 robe
rPois   .            b - +0 hat
rElec   .            l - +0 cloak
rCorr   .            (gloves unavailable)
SInv    +            (boots unavailable)
Will    .....        (no amulet)
Stlth   +            j - ring of see invisible
HPRegen 1.04/turn    (no ring)
MPRegen 0.07/turn

%: no passive effects
@: no status effects
A: large, unfitting armour, claws 3, regeneration 1, shaggy fur 1, tough skin 1
a: no special abilities


You were on level 2 of the Dungeon.
You visited 1 branch of the dungeon, and saw 2 of its levels.

You collected 56 gold pieces.

Inventory:

Missiles
 q - 3 throwing nets
Armour
 a - a +0 robe (worn)
 b - a +0 hat (worn)
 l - a +0 cloak (worn)
Jewellery
 j - a ring of see invisible (left claw)
Scrolls
 c - a scroll of fog {unknown}
 g - a scroll of fear {unknown}
 h - 2 scrolls of teleportation {unknown}
 i - a scroll of identify {unknown}
 k - a scroll of poison {unknown}
 n - a scroll of noise {unknown}
Potions
 d - a potion of attraction {unknown}
 e - a potion of haste {unknown}
 f - a potion of enlightenment {unknown}
 m - a potion of mutation {unknown}


   Skills:
 - Level 1.5 Fighting
 - Level 1.7 Throwing
 - Level 2.4 Dodging
 * Level 4.2 Unarmed Combat


You had one spell level left.
You didn't know any spells.
Your spell library contained the following spells:

 Spells                   Type           Power      Damage    Failure   Level
 Apportation              Tloc           0%         N/A       50%         1
 Necrotise                Necr           0%         1d4       50%         1
 Sting                    Conj/Alch      0%         1d3       50%         1
 Summon Small Mammal      Summ           0%         N/A       50%         1


Dungeon Overview and Level Annotations

Branches:
Dungeon (2/15)

Altars:

Annotations:
D:2 Sigmund


Innate Abilities, Weirdness & Mutations

You are too large for most types of armour.
You have claws for hands.
Your natural rate of healing is unusually fast.
You are covered in fur. (AC +1)
You have tough skin. (AC +1)


Message History

The magic dart hits you.
Sigmund points at you and mumbles some strange words.
You are confused.
Sigmund casts a spell at you.
You are more confused.
Sigmund laughs darkly.
Sigmund hits you from afar with a +2 scythe of flaming.
Sigmund burns you.
You miss Sigmund.
Sigmund is severely wounded.
Sigmund hits you with a +2 scythe of flaming!
Sigmund burns you.
You miss Sigmund.
Sigmund is severely wounded.
Sigmund misses you.
You barely miss Sigmund.
Sigmund is severely wounded.
You closely miss Sigmund.
Sigmund is severely wounded.
Sigmund hits you with a +2 scythe of flaming.
Sigmund burns you.
You closely miss Sigmund.
Sigmund is severely wounded.
Sigmund casts a spell at you. The magic dart hits you.
* * * LOW HITPOINT WARNING * * *
You bump into the rock wall.
Sigmund casts a spell at you. The magic dart hits you.
* * * LOW HITPOINT WARNING * * *
You bump into the rock wall.
Sigmund hits you but does no damage.
You miss Sigmund. You claw Sigmund.
Sigmund is almost dead.
You feel less confused. Sigmund closely misses you.
You closely miss Sigmund.
Sigmund is almost dead.
Sigmund hits you with a +2 scythe of flaming!
You die...
Sigmund begins carving another notch in his scythe.

##
#################
.#
##..........@@(..#
..
..............>.#
.#
#.#..#..#######.#
.# ##.#.....# #
.####.....#.##
†##....#....#
#......##.#.#
#..######)#.# #..#
#....


You could see Sigmund.

Vanquished Creatures
  A ribbon worm (D:2)
  3 bats (D:1)
  2 endoplasms
  A giant cockroach (D:1)
  2 goblins
  3 hobgoblins
  2 jackals (D:2)
  2 kobolds
  A frilled lizard (D:1)
  5 rats
22 creatures vanquished.

Notes
Turn   | Place    | Note
-------+----------+-------------------------------------------
     0 | D:1      | experimilk the Troll Gladiator began the quest for the Orb.
     0 | D:1      | Reached XP level 1. HP: 19/19 MP: 0/0
   250 | D:1      | Reached XP level 2. HP: 27/27 MP: 1/1
   865 | D:2      | Reached skill level 4 in Unarmed Combat
   912 | D:2      | Noticed Sigmund
   928 | D:2      | Slain by Sigmund

Illustrated notes

Levels and vault maps discovered:
D:1:      psy_arrival_heroes, layout_basic
D:2:      layout_basic, minmay_stone_trees_small, uniq_sigmund

Skill      XL: |  1  2 |
---------------+-------+-----
Unarmed Combat | 4 |  4.2
Fighting       | |  1.5
Throwing       | |  1.7
Dodging        | |  2.4

Action                     || total
---------------------------++-------
  Melee: Unarmed           ||    53
         Punch             ||     2
  Throw: Large rock        ||     1
   Stab: Sleeping          ||     2
 Armour: Robe              ||    31
  Dodge: Dodged            ||    18
